 Dungeon Crawl Stone Soup version 0.31-a0-1338-gb567cfdca4 (webtiles) character file.

Game seed: 15890583207890369923

2316750 BrandNewPlayer the Slayer (level 27, 229/229 (233) HPs)
             Began as a Human Delver on Dec 19, 2023.
             Was an Elder of Okawaru.
             Escaped with the Orb
             ... and 4 runes on Dec 23, 2023!
             The game lasted 09:18:04 (69394 turns).

BrandNewPlayer the Slayer (Human Delver)           Turns: 69394, Time: 09:18:05

HP:   229/229 (233) AC: 34    Str: 38    XL:     27
MP:   33/33         EV: 23    Int: 19    God:    Okawaru [****..]
Gold: 2459          SH: 21    Dex: 32    Spells: 26/26 levels left

rFire   + + .        a - +12 broad axe of Kismet {freeze, Str+4}
rCold   . . .        h - +3 warlock's mirror {omnireflect}
rNeg    . . .        T - +6 plate armour of Wixt {*Slow rF++ Regen+}
rPois   .            i - +1 hat of Beogh, Scorching {Will+ Dex+5}
rElec   +            l - +1 cloak "Woejuke" {Rampage ^Drain rElec Str+3}
rCorr   .            S - +2 pair of gloves of Hangman {rC- Regen+ Str+5}
SInv    .            y - +2 pair of boots {Stlth+}
Will    +++..        I - brooch of Shielding {Spirit SH+8}
Stlth   +            E - ring of Baseuxt {Fly rC+ Dex+6}
HPRegen 2.18/turn    m - ring "Damnable Contraption" {+Blink Str+3 Int+3 Dex+6, =R}
MPRegen 0.23/turn

%: slow self (1%), reflection, guardian spirit, rampage
@: flying, lightly drained
A: explore regen, clever 1, mutation resistance 1, screaming 1, MP-powered wands
0: Orb of Zot
}: 4/15 runes: barnacled, slimy, silver, gossamer
a: Renounce Religion, Evoke Blink, Heroism, Finesse


You escaped.
You worshipped Okawaru.
Okawaru was greatly pleased with you.
You visited 10 branches of the dungeon, and saw 52 of its levels.
You visited the Abyss 3 times.
You also visited: Trove, Ossuary, Bailey, Gauntlet and Wizlab.

You collected 7169 gold pieces.
You spent 4710 gold pieces at shops.

Inventory:

Hand Weapons
 a - the +12 broad axe of Kismet (weapon) {freeze, Str+4}
   (You found it on level 5 of the Pits of Slime)

   Str+4:     It affects your strength (+4).
Missiles
 j - 31 silver javelins
 r - 15 curare-tipped darts
 F - 21 javelins
 P - 50 boomerangs (quivered)
 Z - 9 darts of dispersal
Armour
 h - the +3 warlock's mirror (worn) {omnireflect}
   (You found it on level 13 of the Dungeon)

   Omnireflect: It can block and reflect piercing ranged attacks and magical
   attacks against the wielder's willpower.
 i - the +1 hat of Beogh, Scorching (worn) {Will+ Dex+5}
   (You found it in a treasure trove)

   Dex+5:     It affects your dexterity (+5).
   Will+:     It increases your willpower.
 l - the +1 cloak "Woejuke" (worn) {Rampage ^Drain rElec Str+3}
   (You found it on level 3 of the Elven Halls)

   Str+3:     It affects your strength (+3).
   rElec:     It insulates you from electricity.
   ^Drain:    It drains your maximum health when unequipped.
   Rampage:   It bestows one free step when moving towards enemies.
 y - a +2 pair of boots of stealth (worn)
 S - the +2 pair of gloves of Hangman (worn) {rC- Regen+ Str+5}
   (You found it in a Gauntlet)

   Str+5:     It affects your strength (+5).
   rC-:       It makes you vulnerable to cold.
   Regen+:    It increases your rate of health regeneration.
 T - the +6 plate armour of Wixt (worn) {*Slow rF++ Regen+}
   (You found it on level 1 of the Shoals)

   rF++:      It greatly protects you from fire.
   Regen+:    It increases your rate of health regeneration.
   *Slow:     It may slow you when you take damage.
Jewellery
 m - the ring "Damnable Contraption" (right hand) {+Blink Str+3 Int+3 Dex+6, =R}
   (You took it off a vault guard on level 5 of the Vaults)

   [ring of dexterity]

   Str+3:     It affects your strength (+3).
   Int+3:     It affects your intelligence (+3).
   Dex+6:     It affects your dexterity (+6).
   +Blink:    It lets you blink.
 E - the ring of Baseuxt (left hand) {Fly rC+ Dex+6}
   (You found it on level 5 of the Pits of Slime)

   [ring of dexterity]

   Dex+6:     It affects your dexterity (+6).
   rC+:       It protects you from cold.
   Fly:       It grants you flight.
 I - the brooch of Shielding (around neck) {Spirit SH+8}
   (You found it in a Gauntlet)

   [amulet of guardian spirit]

   Spirit:    It causes incoming damage to be divided between your reserves of
   health and magic.
   SH+8:      It affects your SH (+8).
Wands
 c - a wand of acid (34)
 g - a wand of polymorph (25)
 G - a wand of iceblast (43)
 V - a wand of digging (17)
Scrolls
 d - a scroll of blinking
 e - 5 scrolls of fear
 f - 6 scrolls of immolation
 t - 28 scrolls of teleportation
 v - 4 scrolls of vulnerability
 x - 11 scrolls of poison
 B - 2 scrolls of silence
 D - a scroll of fog
 R - 2 scrolls of torment
 W - 5 scrolls of revelation
Potions
 k - 7 potions of might
 n - 7 potions of attraction
 o - 7 potions of lignification
 p - 5 potions of heal wounds
 s - 5 potions of resistance
 u - 12 potions of magic
 w - 5 potions of ambrosia
 z - 11 potions of curing {@q1}
 A - 6 potions of enlightenment
 C - 5 potions of berserk rage
 H - 19 potions of mutation
 J - 2 potions of cancellation
 Y - 2 potions of invisibility
Miscellaneous
 K - a condenser vane
 U - a phial of floods
 X - a lightning rod (4/4)


   Skills:
 + Level 22.8 Fighting
 - Level 16.9(18.0) Axes
 - Level 10.3(16.7) Polearms
 - Level 13.0(14.4) Staves
 - Level 21.0 Throwing
 - Level 15.6 Armour
 - Level 14.0 Dodging
 - Level 5.0 Stealth
 + Level 14.8 Shields
 - Level 14.0 Invocations
 - Level 16.3 Evocations


You had 26 spell levels left.
You didn't know any spells.
Your spell library contained the following spells:

 Spells                   Type           Power      Damage    Failure   Level
 Apportation              Tloc           0%         N/A       63%         1
 Foxfire                  Conj/Fire      0%         2x1d4     63%         1
 Kiss of Death            Conj/Necr      0%         2d5       63%         1
 Necrotise                Necr           0%         1d4       63%         1
 Sandblast                Erth           0%         2d4       63%         1
 Shock                    Conj/Air       0%         1d3       63%         1
 Slow                     Hex            0%         N/A       63%         1
 Blink                    Tloc           0%         N/A       77%         2
 Cigotuvi's Dreadful Rot  Necr/Alch/Air  0%         N/A       77%         2
 Ensorcelled Hibernation  Hex/Ice        0%         N/A       77%         2
 Jinxbite                 Hex            0%         N/A       77%         2
 Mercury Vapours          Alch/Air       0%         N/A       77%         2
 Momentum Strike          Conj/Tloc      0%         3d8       77%         2
 Passwall                 Alch/Erth      0%         N/A       77%         2
 Static Discharge         Conj/Air       0%         3-3/arc   77%         2
 Sublimation of Blood     Necr           0%         N/A       77%         2
 Confusing Touch          Hex            0%         N/A       94%         3
 Dazzling Flash           Conj/Hex       0%         N/A       94%         3
 Fugue of the Fallen      Necr           0%         N/A       94%         3
 Gell's Gravitas          Tloc           0%         N/A       94%         3
 Mephitic Cloud           Conj/Alch/Air  0%         N/A       94%         3
 Ozocubu's Armour         Ice            0%         N/A       94%         3
 Sigil of Binding         Hex            0%         N/A       94%         3
 Stone Arrow              Conj/Erth      0%         3d7       94%         3
 Swiftness                Air            0%         N/A       94%         3
 Teleport Other           Tloc           0%         N/A       94%         3
 Vampiric Draining        Necr           0%         2d6       94%         3
 Volatile Blastmotes      Fire/Tloc      0%         2d10      94%         3
 Airstrike                Air            0%         2d(0-16)  100%        4
 Anguish                  Hex/Necr       0%         N/A       100%        4
 Brom's Barrelling Bould  Conj/Erth      0%         2d3       100%        4
 Cause Fear               Hex            0%         N/A       100%        4
 Dimensional Bullseye     Hex/Tloc       0%         N/A       100%        4
 Flame Wave               Conj/Fire      0%         2d4       100%        4
 Fulminant Prism          Conj/Alch      0%         3d5       100%        4
 Ignite Poison            Fire/Alch      0%         N/A       100%        4
 Iskenderun's Mystic Bla  Conj/Tloc      0%         2d3       100%        4
 Manifold Assault         Tloc           0%         N/A       100%        4
 Passage of Golubria      Tloc           0%         N/A       100%        4
 Petrify                  Alch/Erth      0%         N/A       100%        4
 Alistair's Intoxication  Alch           0%         N/A       100%        5
 Borgnjor's Vile Clutch   Necr/Erth      0%         N/A       100%        5
 Fireball                 Conj/Fire      0%         3d3       100%        5
 Freezing Cloud           Conj/Ice/Air   0%         6-21      100%        5
 Irradiate                Conj/Alch      0%         3d11      100%        5
 Iskenderun's Battlesphe  Conj           0%         2d6       100%        5
 Lee's Rapid Deconstruct  Erth           0%         3d4*      100%        5
 Metabolic Englaciation   Hex/Ice        0%         N/A       100%        5
 Yara's Violent Unravell  Hex/Alch       0%         3d3       100%        5
 Bombard                  Conj/Erth      0%         9d1       100%        6
 Dispersal                Tloc           0%         N/A       100%        6
 Eringya's Noxious Bog    Alch           0%         4d6       100%        6
 Plasma Beam              Fire/Air       0%         2x1d10    100%        6
 Starburst                Conj/Fire      0%         6d3       100%        6
 Orb of Destruction       Conj           0%         9d5       100%        7
 Borgnjor's Revivificati  Necr           0%         N/A       100%        8
 Lehudib's Crystal Spear  Conj/Erth      0%         10d2      100%        8
 Maxwell's Capacitive Co  Air            0%         ∞         100%        8
 Death's Door             Necr           0%         N/A       100%        9
 Fire Storm               Conj/Fire      0%         5d1       100%        9
 Call Canine Familiar     Summ           Unusable   N/A       N/A         3
 Summon Guardian Golem    Hex/Summ       Unusable   N/A       N/A         3
 Tukima's Dance           Hex            Unusable   N/A       N/A         3
 Animate Armour           Summ/Erth      Unusable   N/A       N/A         4
 Animate Dead             Necr           Unusable   N/A       N/A         4
 Summon Lightning Spire   Summ/Air       Unusable   N/A       N/A         4
 Death Channel            Necr           Unusable   N/A       N/A         6
 Simulacrum               Ice/Necr       Unusable   N/A       N/A         6
 Haunt                    Necr/Summ      Unusable   N/A       N/A         7
 Spellforged Servitor     Conj/Summ      Unusable   N/A       N/A         7
 Infestation              Necr           Unusable   N/A       N/A         8
 Dragon's Call            Summ           Unusable   N/A       N/A         9

Dungeon Overview and Level Annotations

Branches:
Dungeon (15/15)            Temple (0/1) D:6            Lair (5/5) D:10
 Shoals (4/4) Lair:3       Spider (4/4) Lair:3        Slime (5/5) Lair:5
    Orc (2/2) D:9             Elf (3/3) Orc:2        Vaults (5/5) D:14
  Crypt (0/3) Vaults:3     Depths (4/4) D:15            Zot (5/5) Depths:4
Ossuary (visited)          Bailey (visited)          WizLab (visited)
Gauntlet (visited)

Altars:
Ashenzari
Cheibriados
Dithmenos
Fedhas
Makhleb
Nemelex Xobeh
Okawaru
Qazlal
Ru
Sif Muna
Uskayaw
Vehumet
Wu Jian
Xom
The Shining One

Shops:
D:2 ?!(   D:12 *   D:15 (   Orc:1 *   Orc:2 =![*:   Elf:1 :   Elf:2 *((*[?
Shoals:1 (   Vaults:5 ::   Depths:1 *=(   Depths:2 *

Portals:
Hell: Depths:1 Depths:2 Depths:3 Depths:4
Abyss: Depths:3
Pandemonium: Depths:2
Ziggurat: Depths:3

Annotations:
Elf:2 3 runed translucent doors


Innate Abilities, Weirdness & Mutations

You regain HP and MP as you explore.
Your mind is acute. (Int +4, Str/Dex -1)
You are somewhat resistant to further mutation.
You occasionally shout uncontrollably at your foes.
You expend magic power (3 MP) to strengthen your wands.


Message History

Unknown command.
Unknown command.
Aiming: Dig
Press: ? - help, Shift-Dir - straight line A rock wall.
This square is covered in magical glow.
You feel a surge of power!
The rock shatters into small pieces.
Okay, then.
Unknown command.
Unknown command.
Unknown command.
Unknown command.
As you read the scroll of fog, it dissolves into smoke.
You gain the combat prowess of a mighty hero.
You can now deal lightning-fast blows.
You can no longer enter into single combat with a foe.
Okawaru will no longer gift you throwing weapons.
You block the Tzitzimitl's attack. x2
You hit the Tzitzimitl.
The Tzitzimitl is lightly wounded.
You slice the Tzitzimitl!! You freeze the Tzitzimitl.
The Tzitzimitl is moderately wounded.
You slash the Tzitzimitl! You freeze the Tzitzimitl.
The Tzitzimitl is heavily wounded.
You block the Tzitzimitl's attack. x2
You slice the Tzitzimitl like a ripe choko!!!
You freeze the Tzitzimitl.
You kill the Tzitzimitl!
Okawaru accepts your kill.
There is a stone staircase leading up here.
You fly upwards.
There is a stone staircase leading down here.
What level of the Dungeon? (default 1, ? - help)
There is an open door here.
A Baggoagg, an ice devil, a hellion and a Tzitzimitl come into view.
There is an open door here.
Unknown command.
Unknown command.
Okay, then.
Unknown command.
Unknown command.
Unknown command.
Press: ? - help, v - describe, . - travel
Here: a hellion (wandering, hasn't noticed you)
The floor.
As you read the scroll of fog, it dissolves into smoke.
The Tzitzimitl roars!
You feel yourself speed up.
Unknown command.
Unknown command.
Press: ? - help, . - travel You can't see that place. [the floor.] Unknown command.
As you read the scroll of teleportation, it crumbles to dust.
You feel strangely unstable.
You feel the Orb delaying your translocation!
Unknown command.
There is an open door here.
There is an open door here.
Your surroundings suddenly seem different.
Unknown command.
There is a large open door here.
Aiming: Dig
Press: ? - help, Shift-Dir - straight line, f - you Please select a direction to dig.
This square is covered in magical glow.
You feel a surge of power!
The rock shatters into small pieces.
Unknown command.
Your extra speed is starting to run out.
You feel yourself slow down.
Your hands slow down.
There is a stone staircase leading up here.
You fly upwards.
There is a stone staircase leading down here.
Unknown command.
As you read the scroll of teleportation, it crumbles to dust.
You feel strangely unstable.
You feel the Orb delaying your translocation!
What level of the Dungeon? (default 1, ? - help) Magic restored.
You feel like a meek peon again.
Your surroundings suddenly seem different.
There is a stone staircase leading up here.
You fly upwards.
There is a stone staircase leading down here.
An orange demon comes into view.
You yell at the orange demon!
The orange demon screeches!
A rust devil comes into view.
There is a stone staircase leading up here.
You fly upwards.
There is a stone staircase leading down here.
A Tzitzimitl comes into view.
Blink to where?
Press: ? - help, Dir - move target
As you read the scroll of blinking, it crumbles to dust.
The Tzitzimitl engulfs you but does no damage.
You block the Tzitzimitl's attack.
You have escaped!

#########.#...#######..#...#
# #####................#.#.#
###(.......#.~♣♣♣♣♣~..##.#.#
....###.#...~~♣≈≈♣♣~~......#
##### #.###.♣♣~~~~~≈♣#####.#
#.....♣♣~~~~~♣♣ #...>#
###########.♣≈~~~~~♣ ####.#
..........#.♣≈~~~~~♣ #.#
#########.#.♣≈~~@~~♣♣ #.#
###.#.♣≈~~1~~≈♣ #.#
#...#.♣≈~~~~~♣♣ #.#
##..#.♣≈~~~§~≈♣ #.# #####
#..#.♣♣~~~~~♣♣# #.#
.†..####.##.~~≈≈≈≈♣~~## #.#
††#.##.......~♣♣♣♣♣~..####.#
.##..#...###### #........#
P###.....^.# #.######.#


You could see a Tzitzimitl.

Vanquished Creatures
  4 dread liches
  8 orbs of fire (Zot:5)
  Vv (Arena)
  6 Killer Klowns
  A shard shrike (Slime:5)
  5 curse toes
  Margery (Depths:3)
  7 golden dragons
  Norris (Vaults:1)
  A mutant beast (WizLab)
  Arachne (Spider:3)
  3 electric golems
  A Tzitzimitl (D:5)
  14 tentacled monstrosities
  4 liches
  A hellephant (Depths:3)
  Rupert (D:15)
  23 Orb Guardians (Zot:5)
  Mlioglotl (Arena)
  A walking divine tome (Depths:2)
  3 titans
  Asterion (Elf:3)
  5 deep elf blademasters
  4 quicksilver dragons
  A kraken (Shoals:3)
  12 sphinxes
  21 acid blobs
  An Executioner (Abyss:3)
  5 tentacled starspawn
  6 death cobs
  Kirke (Lair:4)
  9 shadow dragons
  Aizul (Spider:3)
  13 azure jellies
  2 daevas (Depths:3)
  7 fire giants
  5 tengu reavers
  9 storm dragons
  9 draconian monks
  3 draconian knights
  9 rockslimes
  3 emperor scorpions
  2 protean progenitors (Zot:2)
  3 draconian shifters
  8 frost giants
  7 ghost moths
  An iron dragon (Vaults:5)
  11 deep elf sorcerers
  19 vault wardens
  4 deep elf elementalists
  3 orc warlords
  A draconian stormcaller (Zot:2)
  23 ironbound preservers
  A draconian annihilator (Depths:4)
  13 spriggan defenders
  9 war gargoyles
  An angel (Depths:3)
  3 formless jellyfish
  11 quicksilver oozes
  13 stone giants
  18 very ugly things
  2 broodmothers
  8 red draconians
  10 black draconians
  8 green draconians
  9 ironbound thunderhulks
  3 vampire knights
  7 purple draconians
  12 spark wasps
  7 deep elf annihilators
  7 deep elf demonologists
  13 white draconians
  3 yellow draconians
  10 dire elephants
  A minotaur (Gauntlet)
  7 deep elf death magi
  2 crystal guardians
  9 merfolk javelineers
  9 ettins
  Josephine (Lair:3)
  9 merfolk impalers
  6 entropy weavers
  2 jiangshi (Depths:3)
  9 deep elf high priests
  4 fire dragons
  Fannar (D:12)
  30 vault guards
  13 yaktaur captains
  3 spriggan zombies (Depths:3)
  7 ice dragons
  2 rakshasas
  A hell beast (Depths:1)
  4 hydras
  15 great orbs of eyes
  2 merfolk avatars
  3 peacekeepers
  3 spriggan air magi
  8 radroaches
  12 centaur warriors
  A catoblepas (Lair:3)
  8 ironbound frosthearts
  2 anacondas (shapeshifter) (WizLab)
  3 alligator snapping turtles
  7 merfolk aquamancers
  A two-headed ogre (D:10)
  Erica (D:9)
  2 satyrs
  13 dancing weapons
  2 alligators (Zot:2)
  2 anacondas (Slime:3)
  8 tengu warriors
  A titan zombie (Depths:1)
  12 boulder beetles
  4 hell hogs
  5 vampire magi (Depths:3)
  17 death yaks
  3 deep troll shamans
  7 deep troll earth magi
  The ghost of MysticSailboat the Epochal, a novice DrCj of Cheibriados (D:9)
  8 demonic crawlers
  2 thrashing horrors
  A shock serpent (shapeshifter) (Vaults:5)
  7 hell knights
  3 spriggans (Depths:3)
  6 occultists
  3 orc high priests (Orc:2)
  15 deep elf knights
  6 spriggan berserkers (Depths:3)
  A wretched star (Abyss:3)
  A fire crab (shapeshifter) (WizLab)
  A skyshark (shapeshifter) (WizLab)
  A spatial maelstrom (Abyss:4)
  A spectral spark wasp (Depths:1)
  4 iron trolls
  A pharaoh ant (Spider:2)
  2 sun moths
  A skeletal warrior (D:14)
  4 glowing orange brains
  A shadow wraith (Vaults:5)
  15 skysharks
  6 spark wasp zombies (Depths:3)
  A swamp dragon (shapeshifter) (WizLab)
  A glowing orange brain (shapeshifter) (WizLab)
  A sea snake (shapeshifter) (WizLab)
  A swamp dragon (Lair:5)
  14 large abominations
  2 deep trolls (shapeshifter)
  21 ironbound convokers
  2 steelbarb worms
  3 death drakes (Depths:4)
  11 orb spiders
  8 deep elf archers
  59 deep trolls
  9 flayed ghosts
  A shadow dragon zombie (Depths:1)
  10 sea snakes
  12 lindwurms
  7 arcanists
  16 orc knights
  A steelbarb worm (shapeshifter) (Depths:2)
  7 phantasmal warriors
  4 necromancers
  7 shining eyes
  29 deep elf pyromancers
  17 deep elf zephyrmancers
  18 harpies
  5 fauns
  A mana viper (shapeshifter) (Depths:2)
  10 manticores
  3 orc sorcerers (Orc:2)
  An oklob plant (Gauntlet)
  33 ugly things
  11 moths of wrath
  A shining eye (shapeshifter) (WizLab)
  18 wolf spiders
  8 cyclopes
  A faun (shapeshifter) (WizLab)
  A moth of wrath (shapeshifter) (WizLab)
  A cyclops (shapeshifter) (Elf:3)
  25 elephants
  2 kobold blastminers (Orc:2)
  Joseph (D:7)
  A rust devil (Depths:3)
  A guardian serpent (shapeshifter) (WizLab)
  A torpor snail (shapeshifter) (WizLab)
  4 torpor snails
  11 merfolk sirens
  15 water nymphs
  20 vault sentinels
  An elephant (shapeshifter) (Vaults:5)
  6 black mambas
  2 ice statues (D:14)
  An orange demon (Zot:5)
  9 eyes of devastation
  12 cane toads
  3 smoke demons
  A minotaur zombie (Gauntlet)
  An unseen horror (shapeshifter) (WizLab)
  2 unseen horrors
  6 rime drakes (Lair:5)
  3 efreet
  4 kobold demonologists
  13 komodo dragons
  2 freezing wraiths (Abyss:3)
  43 yaktaurs
  3 tengu conjurers
  A red devil (Gauntlet)
  An ancient zyme (Abyss:4)
  13 meliai
  10 trolls
  2 hellwings (Abyss:3)
  3 polar bears
  A merfolk (shapeshifter) (WizLab)
  8 hornets
  A wolf spider simulacrum (D:15)
  33 merfolk
  A tarantella (shapeshifter) (Depths:2)
  15 tarantellas
  7 wind drakes
  A hornet (shapeshifter) (WizLab)
  6 snapping turtles
  A dream sheep (shapeshifter) (WizLab)
  8 blink frogs
  6 dream sheep
  19 jumping spiders
  A snapping turtle (shapeshifter) (WizLab)
  7 glass eyes
  3 jumping spiders (shapeshifter)
  Sigmund (D:5)
  2 shadows
  11 water elementals
  12 culicivoras
  82 slime creatures
  A vampire (D:8)
  An air elemental (Elf:2)
  An ettin skeleton (Depths:1)
  6 wyverns
  52 yaks
  15 small abominations
  Eustachio (D:5)
  6 humans
  13 basilisks
  8 wraiths
  3 hogs (Lair:4)
  4 wargs
  51 redbacks
  5 steam dragons
  An iron golem (WizLab)
  5 neqoxecs
  13 golden eyes
  8 chaos spawn
  3 acid dragons
  A glowing shapeshifter skeleton (Depths:1)
  A hell hound (D:15)
  11 water moccasins
  Duvessa (D:5)
  A swamp drake (Lair:5)
  38 orc warriors
  2 black bears
  5 ice beasts
  6 sky beasts
  An ettin simulacrum (Depths:1)
  7 ogres
  5 boggarts (Vaults:3)
  14 wolves
  10 centaurs
  An elf zombie (Ossuary)
  3 phantoms
  4 kobold brigands
  Blork the orc (D:5)
  9 bullfrogs
  2 gnoll sergeants
  2 scorpions
  3 earth elementals
  3 wights (D:9)
  Dowan (D:5)
  12 killer bees
  A troll zombie (Ossuary)
  7 howler monkeys
  7 electric eels
  3 crimson imps (Gauntlet)
  2 centaur zombies (Ossuary)
  A human zombie (Ossuary)
  3 hounds
  2 jellies
  16 orc priests
  A gnoll bouda (D:8)
  24 orc wizards
  14 starcursed masses
  Jessica (D:3)
  7 iguanas
  2 sleepcaps
  2 ogre zombies (Ossuary)
  9 mummies
  18 gnolls
  7 adders
  2 shadow imps
  3 white imps
  A howler monkey simulacrum (D:11)
  7 ufetubi
  6 adder zombies (Ossuary)
  2 worms (D:5)
  The ghost of justen the Chopper, a weakling HOCA of Ignis (D:3)
  4 dart slugs
  85 orcs
  11 ball pythons
  4 bats
  6 endoplasms
  8 giant cockroaches
  A gnoll zombie (Ossuary)
  7 goblins
  13 hobgoblins
  9 jackals
  17 kobolds
  5 quokkas
  10 frilled lizards
  5 goblin zombies
  4 hobgoblin zombies (Ossuary)
  4 kobold zombies
  3 quokka zombies (Ossuary)
  10 rats
  2 rat zombies (Ossuary)
  A lurking horror (Abyss:4)
  5 starspawn tentacles (Abyss:4)
  3 tentacles (Shoals:3)
2330 creatures vanquished.

Vanquished Creatures (others)
  A black draconian (Depths:4)
  A two-headed ogre (D:8)
  A phantasmal warrior (Vaults:2)
  3 deep elf zephyrmancers (Elf:2)
  An ugly thing (D:8)
  2 large abominations (Abyss:3)
  A slime creature (Vaults:1)
  A yaktaur (Vaults:4)
  A raiju (Abyss:3)
  An air elemental (Elf:3)
  A culicivora (Spider:4)
  A steam dragon (D:8)
  A neqoxec (Abyss:3)
  A chaos spawn (Abyss:3)
  4 spatial vortices (Abyss:3)
  A wight (D:8)
  An iguana (Lair:5)
  An orc wizard (D:8)
  2 orcs (Orc:2)
  26 starspawn tentacles
  5 tentacles (Shoals:3)
57 creatures vanquished.

Grand Total: 2387 creatures vanquished

Notes
Turn   | Place    | Note
-------+----------+-------------------------------------------
     0 | D:5      | BrandNewPlayer the Human Delver began the quest for the
                  | Orb.
     0 | D:5      | Reached XP level 1. HP: 18/18 MP: 1/1
     2 | D:5      | Found an iron altar of Okawaru.
    12 | D:5      | Became a worshipper of Warmaster Okawaru
    16 | D:5      | Noticed a phantom
    16 | D:5      | Noticed a phantom
    32 | D:6      | Noticed a scorpion
   119 | D:5      | Noticed a sleepcap
   233 | D:4      | Noticed an ogre
   601 | D:3      | Reached XP level 2. HP: 12/25 MP: 2/2
   945 | D:1      | Reached skill level 4 in Fighting
  1036 | D:1      | Reached XP level 3. HP: 17/30 MP: 3/3
  2154 | D:2      | Found Kodunn's Magic Scroll Boutique.
  2158 | D:2      | Bought a scroll of poison for 56 gold pieces
  2158 | D:2      | Bought a scroll of identify for 28 gold pieces
  2195 | D:2      | Reached XP level 4. HP: 38/38 MP: 4/4
  2208 | D:2      | Identified the +5 short sword "Lytt" {venom, rF+++ rC-
                  | Str+2 Stlth+}
  2409 | D:2      | Reached skill level 5 in Fighting
  2550 | D:2      | Found Ovvodas's Antique Weapon Emporium.
  2584 | D:2      | Found Nagoe's Distillery.
  2594 | D:2      | Bought a potion of curing for 30 gold pieces
  2665 | D:3      | Noticed Jessica
  2670 | D:3      | Killed Jessica
  3197 | D:3      | Reached XP level 5. HP: 31/44 MP: 5/5
  3377 | D:3      | Found a runed translucent door.
  3377 | D:3      | Noticed justen's ghost (weakling HOCA)
  3834 | D:4      | Reached skill level 6 in Fighting
  3859 | D:4      | Found a radiant altar of Vehumet.
  3894 | D:4      | Reached skill level 1 in Invocations
  3914 | D:5      | Reached skill level 10 in Fighting
  3914 | D:5      | Reached skill level 5 in Armour
  3914 | D:5      | Reached XP level 6. HP: 61/61 MP: 5/10
  4311 | D:4      | Found a burning altar of Makhleb.
  4368 | D:4      | Reached XP level 7. HP: 58/67 MP: 11/11
  4481 | D:4      | Found a sparkling altar of Nemelex Xobeh.
  4636 | D:4      | Found a shimmering blue altar of Sif Muna.
  4637 | D:4      | Found a sacrificial altar of Ru.
  5302 | D:4      | Found a blossoming altar of Fedhas.
  5473 | D:5      | Noticed Eustachio
  5586 | D:5      | Killed Eustachio
  5586 | D:5      | Reached * piety under Okawaru
  5587 | D:5      | Reached skill level 11 in Fighting
  5794 | D:5      | Noticed Blork the orc
  5806 | D:5      | Killed Blork the orc
  5861 | D:5      | Reached XP level 8. HP: 75/75 MP: 12/12
  6114 | D:6      | Found a snail-covered altar of Cheibriados.
  6420 | D:6      | Found a staircase to the Ecumenical Temple.
  6666 | D:6      | Reached ** piety under Okawaru
  6735 | D:7      | Reached skill level 12 in Fighting
  6751 | D:7      | Noticed a wyvern
  6758 | D:7      | Killed a wyvern
  6759 | D:7      | Reached XP level 9. HP: 79/82 MP: 11/13
  6975 | D:7      | Noticed Joseph
  7000 | D:7      | Killed Joseph
  7068 | D:7      | Found a sand-covered staircase.
  7082 | Ossuary  | Entered an ossuary
  7438 | Ossuary  | Reached skill level 1 in Evocations
  8118 | D:7      | Reached *** piety under Okawaru
  8503 | D:8      | Identified the +9 trident "Ryiloar" {heavy, rN+ Str+2}
  8564 | D:8      | Reached XP level 10. HP: 80/89 MP: 14/14
  8625 | D:8      | Reached skill level 5 in Evocations
  8714 | D:8      | Found an ornate altar of the Wu Jian Council.
  9439 | D:8      | Noticed a two-headed ogre
  9521 | D:9      | Found a stormy altar of Qazlal.
  9754 | D:9      | Reached **** piety under Okawaru
  9890 | D:9      | Found a staircase to the Orcish Mines.
 10101 | D:9      | Found a shimmering altar of Xom.
 10182 | D:9      | Found a runed translucent gate.
 10183 | D:9      | Found a runed translucent gate.
 10184 | D:9      | Found a runed translucent gate.
 10231 | D:9      | Found a shadowy altar of Dithmenos.
 10238 | D:9      | Noticed Erica
 10239 | D:9      | Reached skill level 1 in Polearms
 10705 | D:9      | Killed Erica
 10929 | D:9      | Noticed MysticSailboat's ghost (novice DrCj)
 10930 | D:9      | Identified the +6 chain mail "Forget-Me-Not" {Int+3}
 11260 | D:9      | Reached XP level 11. HP: 79/95 MP: 15/15
 11480 | D:9      | Reached skill level 5 in Polearms
 11516 | D:9      | Killed MysticSailboat's ghost
 11677 | D:5      | Noticed Sigmund
 11689 | D:5      | Killed Sigmund
 11689 | D:5      | Reached ***** piety under Okawaru
 11734 | D:5      | Noticed Duvessa
 11745 | D:5      | Noticed Dowan
 11753 | D:5      | Killed Duvessa
 11760 | D:5      | Killed Dowan
 12241 | D:8      | Noticed a green ugly thing
 12248 | D:8      | Killed a green ugly thing
 12250 | D:8      | Killed a two-headed ogre
 12321 | D:10     | Entered Level 10 of the Dungeon
 12332 | D:10     | Found a burning altar of Makhleb.
 12332 | D:10     | Noticed a two-headed ogre
 12332 | D:10     | Noticed a cyan ugly thing
 12332 | D:10     | Noticed a cyan ugly thing
 12337 | D:10     | a two-headed ogre changed into an orb spider
 12337 | D:10     | Noticed an orb spider
 12343 | D:10     | Killed a cyan ugly thing
 12354 | D:10     | Killed a cyan ugly thing
 12360 | D:10     | Killed an orb spider
 12431 | D:10     | Noticed a two-headed ogre
 12434 | D:10     | a two-headed ogre changed into a glowing shapeshifter
 12434 | D:10     | Noticed a glowing shapeshifter
 12435 | D:10     | a glowing shapeshifter changed into a steelbarb worm
 12435 | D:10     | Noticed a steelbarb worm (glowing shapeshifter)
 12436 | D:10     | a steelbarb worm changed into a glowing shapeshifter
 12436 | D:10     | Noticed a glowing shapeshifter (glowing shapeshifter)
 12436 | D:10     | a glowing shapeshifter changed into a two-headed ogre
 12436 | D:10     | Noticed a two-headed ogre (glowing shapeshifter)
 12440 | D:10     | a two-headed ogre changed into a glass eye
 12441 | D:10     | a glass eye changed into a mana viper
 12441 | D:10     | Noticed a mana viper (glowing shapeshifter)
 12443 | D:10     | a mana viper changed into a glowing shapeshifter
 12443 | D:10     | Noticed a glowing shapeshifter (glowing shapeshifter)
 12443 | D:10     | a glowing shapeshifter changed into a glass eye
 12445 | D:10     | a jumping spider changed into a glowing shapeshifter
 12445 | D:10     | Noticed a glowing shapeshifter (glowing shapeshifter)
 12445 | D:10     | a glowing shapeshifter changed into a sea snake
 12445 | D:10     | Noticed a sea snake (glowing shapeshifter)
 12446 | D:10     | a sea snake changed into a glowing shapeshifter
 12446 | D:10     | Noticed a glowing shapeshifter (glowing shapeshifter)
 12446 | D:10     | a glowing shapeshifter changed into a komodo dragon
 12447 | D:10     | a komodo dragon changed into a glowing shapeshifter
 12447 | D:10     | Noticed a glowing shapeshifter (glowing shapeshifter)
 12447 | D:10     | a glowing shapeshifter changed into a jumping spider
 12612 | D:10     | Received a gift from Okawaru
 12785 | D:10     | Found a flagged portal.
 12794 | Bailey   | Entered a bailey
 12869 | Bailey   | Noticed an orc knight
 12894 | Bailey   | Killed an orc knight
 13092 | Bailey   | Reached skill level 10 in Polearms
 13165 | Bailey   | Acquired a +1 buckler of positive energy
 13286 | Bailey   | Found an iron altar of Okawaru.
 13296 | Bailey   | Received a gift from Okawaru
 13358 | Bailey   | Acquired a +2 pair of gloves of stealth
 13671 | D:10     | Reached XP level 12. HP: 102/102 MP: 16/16
 13750 | D:10     | Reached skill level 1 in Staves
 13794 | D:10     | Noticed a two-headed ogre
 13799 | D:10     | Killed a two-headed ogre
 14051 | D:10     | Found a staircase to the Lair.
 14467 | D:11     | Noticed a boulder beetle
 14480 | D:11     | Killed a boulder beetle
 14529 | D:11     | Found the +7 staff of the Meek {protect, meekguard}
 14956 | D:11     | Reached skill level 10 in Armour
 15339 | D:11     | Reached skill level 5 in Staves
 15727 | D:2      | Bought a potion of haste for 100 gold pieces
 15727 | D:2      | Bought a potion of haste for 100 gold pieces
 15727 | D:2      | Bought a potion of heal wounds for 50 gold pieces
 15774 | D:2      | Bought a scroll of vulnerability for 56 gold pieces
 15978 | Lair:1   | Entered Level 1 of the Lair of Beasts
 16106 | Lair:1   | Noticed a death yak
 16134 | Lair:1   | Killed a death yak
 16134 | Lair:1   | Received a gift from Okawaru
 16912 | Lair:1   | Noticed a death yak
 16912 | Lair:1   | Noticed a death yak
 16922 | Lair:1   | Noticed a death yak
 16922 | Lair:1   | Noticed a death yak
 16931 | Lair:1   | Killed a death yak
 16946 | Lair:1   | Killed a death yak
 16953 | Lair:1   | Killed a death yak
 16954 | Lair:1   | Reached XP level 13. HP: 76/108 MP: 12/17
 17949 | Lair:2   | Reached skill level 10 in Staves
 18107 | Lair:2   | Received a gift from Okawaru
 18554 | Lair:2   | Reached ****** piety under Okawaru
 18568 | Lair:2   | Acquired the +1 hat of the Morning {Int+4 Slay+3}
 18568 | Lair:2   | Received a gift from Okawaru
 18784 | Lair:2   | Received a gift from Okawaru
 19581 | Lair:3   | Found a hole to the Spider Nest.
 19763 | Lair:3   | Noticed Josephine
 19772 | Lair:3   | Killed Josephine
 19810 | Lair:3   | Received a gift from Okawaru
 19882 | Lair:3   | Reached XP level 14. HP: 109/115 MP: 19/19
 20397 | Lair:3   | Received a gift from Okawaru
 20686 | Lair:3   | Found a staircase to the Shoals.
 20965 | Lair:3   | Acquired the +9 quick blade of Greatest Utility {heavy,
                  | +Blink rPois rC-}
 20965 | Lair:3   | Received a gift from Okawaru
 21208 | Lair:4   | Reached skill level 10 in Invocations
 21284 | Lair:4   | Found a gate leading to a gauntlet.
 21293 | Gauntlet | Entered a Gauntlet
 21293 | Gauntlet | Found a transporter.
 21293 | Gauntlet | Found a runed translucent door.
 21293 | Gauntlet | Found a transporter.
 21293 | Gauntlet | Found a transporter.
 21293 | Gauntlet | Found a runed translucent door.
 21303 | Gauntlet | Found a transporter.
 21306 | Gauntlet | Found a transporter.
 21314 | Gauntlet | Found a transporter.
 21317 | Gauntlet | Found a transporter.
 21325 | Gauntlet | Found a transporter.
 21343 | Gauntlet | Found a transporter.
 21349 | Gauntlet | Found a transporter.
 21351 | Gauntlet | Found a transporter.
 21361 | Gauntlet | Found a transporter.
 21622 | Gauntlet | Identified the +2 pair of gloves of Hangman {rC- Regen+
                  | Str+5}
 21680 | Gauntlet | Found the brooch of Shielding {Spirit SH+8}
 22316 | Lair:5   | Entered Level 5 of the Lair of Beasts
 22316 | Lair:5   | Found a staircase to the Slime Pits.
 22347 | Lair:5   | Found a hide-covered altar of Uskayaw.
 22447 | Lair:5   | Identified the +9 long sword "Impslayer" {heavy, SInv
                  | Stlth+}
 22509 | Lair:5   | Reached skill level 13 in Fighting
 22915 | Lair:5   | Reached skill level 14 in Fighting
 22947 | Lair:5   | Reached XP level 15. HP: 112/126 MP: 17/23
 22980 | Lair:5   | Found the +6 lightning scales {swift, rElec}
 22984 | Lair:5   | Identified the serpent talisman of Hocug {rF+ Dex+3}
 23642 | Lair:5   | Reached skill level 15 in Fighting
 23709 | Lair:5   | HP: 23/129 [ice dragon/blast of cold (58)]
 24042 | Lair:4   | Noticed Kirke
 24065 | Lair:4   | Killed Kirke
 24133 | Lair:4   | Received a gift from Okawaru
 24531 | D:8      | Reached skill level 16 in Fighting
 24536 | D:8      | Reached skill level 1 in Throwing
 24565 | Abyss:3  | Cast into level 3 of the Abyss (an occultist)
 24623 | D:8      | Escaped the Abyss
 24970 | D:12     | Noticed Fannar
 24991 | D:12     | Killed Fannar
 25254 | D:12     | Found Duskocun's Pet Rocks.
 25284 | D:12     | Found the +2 ratskin cloak {*Rats rPois rN+ Str-1 Int-1
                  | Dex+1}
 25430 | D:12     | Found a runed translucent door.
 25442 | D:12     | Noticed a tentacled monstrosity
 25466 | D:12     | Killed a tentacled monstrosity
 25519 | D:12     | Identified the +5 quarterstaff "Woob Atakh" {holy, Int+2
                  | SInv}
 25622 | D:12     | Reached skill level 5 in Throwing
 26280 | D:13     | Got the Papyrus of Charms and Injury
 26576 | Arena    | Entered the Arena
 26628 | D:13     | Found the +3 warlock's mirror {omnireflect}
 26976 | D:13     | Reached XP level 16. HP: 135/138 MP: 21/24
 27937 | D:14     | Found a frozen archway.
 28047 | D:14     | Found a gate to the Vaults.
 28532 | D:15     | Entered Level 15 of the Dungeon
 28658 | D:15     | Reached skill level 10 in Throwing
 28723 | Arena    | Entered the Arena
 28794 | D:15     | Noticed Rupert
 28807 | D:15     | Killed Rupert
 28955 | D:15     | Found a staircase to the Depths.
 29138 | D:15     | Found a glowing golden altar of the Shining One.
 29301 | D:15     | Found Veuqevvy's Antique Weapon Boutique.
 29793 | D:3      | Killed justen's ghost
 29876 | D:2      | Bought a potion of enlightenment for 50 gold pieces
 29876 | D:2      | Bought a potion of ambrosia for 80 gold pieces
 30016 | Orc:1    | Entered Level 1 of the Orcish Mines
 30241 | Orc:2    | Entered Level 2 of the Orcish Mines
 30352 | Orc:2    | Found Huwnifec's Book Emporium.
 30352 | Orc:2    | Found a staircase to the Elven Halls.
 30806 | Orc:2    | Found Amait's Jewellery Shoppe.
 30806 | Orc:2    | Found Wawosaot's Assorted Antiques.
 30808 | Orc:2    | Found Nudokyk's Distillery.
 30808 | Orc:2    | Found Mer Qoin's Antique Armour Boutique.
 30823 | Orc:2    | Bought a pair of glowing boots for 255 gold pieces
 30908 | Orc:2    | Reached skill level 10 in Evocations
 31024 | Orc:2    | Bought 2 potions of resistance for 300 gold pieces
 31024 | Orc:2    | Bought a potion of ambrosia for 120 gold pieces
 31024 | Orc:2    | Bought a potion of might for 60 gold pieces
 31027 | Orc:2    | Bought a wand of acid (5) for 588 gold pieces
 31342 | Orc:1    | Received a gift from Okawaru
 31540 | Orc:1    | Found Paunkuunk's General Store.
 31902 | Spider:1 | Entered Level 1 of the Spider Nest
 32195 | Arena    | Entered the Arena
 32239 | Spider:1 | Reached XP level 17. HP: 144/144 MP: 25/25
 33522 | Spider:2 | Identified the +8 shortbow of Guwkeniu {flame, rElec Dex+5
                  | Stlth+}
 34156 | Spider:3 | Noticed Mlioglotl
 34161 | Arena    | Entered the Arena
 34168 | Arena    | Killed Mlioglotl
 34311 | Spider:3 | Identified the serpent talisman "Giyrymor" {rElec rC+++
                  | rCorr Int-3}
 34311 | Spider:3 | Noticed Aizul
 34337 | Spider:3 | Killed Aizul
 34438 | Spider:3 | Noticed Arachne
 34513 | Spider:4 | Entered Level 4 of the Spider Nest
 34597 | Spider:3 | Killed Arachne
 34597 | Spider:3 | Received a gift from Okawaru
 34869 | Arena    | Entered the Arena
 35225 | Spider:4 | Reached skill level 15 in Throwing
 35905 | Spider:4 | Received a gift from Okawaru
 36441 | Spider:4 | Got a gossamer rune of Zot
 36599 | Shoals:1 | Entered Level 1 of the Shoals
 36606 | Shoals:1 | Reached XP level 18. HP: 151/151 MP: 26/26
 36758 | Shoals:1 | Found Eziyl's Weapon Emporium.
 36793 | Shoals:1 | Bought 3 curare-tipped darts for 68 gold pieces
 36925 | Shoals:1 | Identified the +6 plate armour of Wixt {*Slow rF++ Regen+}
 36959 | Shoals:1 | Upgraded the game from 0.31-a0-1308-ga3cce3a448 to
                  | 0.31-a0-1338-gb567cfdca4
 37306 | Shoals:1 | Reached skill level 5 in Dodging
 38167 | Shoals:2 | Received a gift from Okawaru
 39430 | Shoals:4 | Entered Level 4 of the Shoals
 39465 | Shoals:4 | Reached skill level 10 in Dodging
 39621 | Shoals:4 | Received a gift from Okawaru
 39719 | Shoals:4 | Got a barnacled rune of Zot
 40285 | Shoals:4 | Reached XP level 19. HP: 90/157 MP: 12/27
 40304 | Shoals:4 | Received a gift from Okawaru
 41143 | Elf:1    | Entered Level 1 of the Elven Halls
 41319 | Elf:1    | Got the Quarto of Malevolent Liturgies
 41344 | Elf:1    | Found a huge runed translucent gate.
 41344 | Elf:1    | Found a huge runed translucent gate.
 41344 | Elf:1    | Found a huge runed translucent gate.
 41344 | Elf:1    | Found a huge runed translucent gate.
 41345 | Elf:1    | Found a huge runed translucent gate.
 41346 | Elf:1    | Found a huge runed translucent gate.
 41346 | Elf:1    | Found a huge runed translucent gate.
 41346 | Elf:1    | Found a huge runed translucent gate.
 41346 | Elf:1    | Found a huge runed translucent gate.
 41352 | Elf:1    | Found a huge runed translucent gate.
 41352 | Elf:1    | Found a huge runed translucent gate.
 41352 | Elf:1    | Found a huge runed translucent gate.
 41352 | Elf:1    | Found a huge runed translucent gate.
 41352 | Elf:1    | Found a huge runed translucent gate.
 41352 | Elf:1    | Found a huge runed translucent gate.
 41352 | Elf:1    | Found a huge runed translucent gate.
 41352 | Elf:1    | Found a huge runed translucent gate.
 41367 | Elf:1    | Found a huge runed translucent gate.
 41367 | Elf:1    | Found a huge runed translucent gate.
 41367 | Elf:1    | Found a huge runed translucent gate.
 41808 | Elf:1    | Found Noaprom's Book Shoppe.
 42423 | Elf:2    | Found Guzipan's Gadget Gallery.
 42469 | Elf:2    | Found Tepam's Magic Scroll Shoppe.
 42473 | Elf:2    | Bought a scroll of fog for 80 gold pieces
 42539 | Elf:2    | Found Hiuneloid's Weapon Shop.
 42546 | Elf:2    | Found Ypnihettusch's General Store.
 42625 | Elf:2    | Bought a scroll of enchant weapon for 82 gold pieces
 42643 | Elf:2    | Found Diufora's Weapon Shoppe.
 42702 | Elf:2    | Found Veghas's Antique Armour Boutique.
 42777 | Elf:2    | Received a gift from Okawaru
 42957 | Elf:2    | Found a runed translucent gate.
 42957 | Elf:2    | Found a runed translucent gate.
 42957 | Elf:2    | Found a runed translucent gate.
 43024 | Elf:3    | Entered Level 3 of the Elven Halls
 43397 | Elf:3    | Noticed Asterion
 43416 | Elf:3    | Killed Asterion
 43455 | Elf:3    | Received a gift from Okawaru
 43514 | Abyss:3  | Cast into level 3 of the Abyss (a deep elf sorcerer)
 43579 | Abyss:3  | Gained mutation: You occasionally lose the ability to drink
                  | potions when taking damage. [a neqoxec]
 43624 | Abyss:3  | Lost mutation: You occasionally lose the ability to drink
                  | potions when taking damage. [potion of mutation]
 43624 | Abyss:3  | Gained mutation: Your spells are a little harder to cast,
                  | but a little more powerful. [potion of mutation]
 43624 | Abyss:3  | Gained mutation: Your body sometimes deteriorates upon
                  | taking damage. [potion of mutation]
 43624 | Abyss:3  | Gained mutation: You have sharp toenails. [potion of
                  | mutation]
 43687 | Abyss:3  | Reached XP level 20. HP: 150/166 MP: 24/29
 43949 | Elf:3    | Escaped the Abyss
 44013 | Elf:3    | Reached skill level 17 in Fighting
 44013 | Elf:3    | Paralysed by an air elemental for 1 turns
 44030 | Elf:3    | Received a gift from Okawaru
 44195 | Abyss:3  | Cast into level 3 of the Abyss (a deep elf sorcerer)
 44356 | Abyss:3  | Paralysed by accursed screaming for 2 turns
 44379 | Abyss:4  | Found a corrupted altar of Lugonu.
 44573 | Abyss:4  | Found a corrupted altar of Lugonu.
 44585 | Elf:3    | Escaped the Abyss
 44629 | Elf:3    | Identified the +3 flail of Karma {elec, rF+}
 44639 | Elf:3    | Identified the +5 great mace "Hef Ylad" {vamp, *Noise rElec
                  | rPois}
 44770 | Elf:3    | Identified the +6 orcbow "Daujis" {antimagic, Str+3 SInv}
 44789 | Elf:3    | Got the Enchiridion on Crystalline Toxicants
 44796 | Elf:3    | Found the +6 arbalest "Damnation" {damnation}
 44823 | Elf:3    | Identified the staff "Kelec" {rElec rN+ Will+++ Int-4 Dex-5
                  | Air}
 44826 | Elf:3    | Identified the +1 cloak "Woejuke" {Rampage ^Drain rElec
                  | Str+3}
 44862 | Elf:3    | Got the Vademecum on Enchantment and the Mountains
 45219 | Vaults:1 | Entered Level 1 of the Vaults
 45442 | Elf:2    | Bought a glimmering plate armour for 1176 gold pieces
 45442 | Elf:2    | Identified the +3 plate armour "Kocumise" {+Blink rF+
                  | Str+4} (You bought it in a shop on level 2 of the Elven
                  | Halls)
 45515 | Orc:2    | Bought a potion of enlightenment for 75 gold pieces
 45515 | Orc:2    | Bought a potion of enlightenment for 75 gold pieces
 45726 | Vaults:1 | Received a gift from Okawaru
 46252 | Arena    | Entered the Arena
 46515 | Vaults:1 | Reached XP level 21. HP: 134/176 MP: 14/30
 46545 | Vaults:1 | Paralysed by a sphinx for 4 turns
 46573 | Vaults:1 | Received a gift from Okawaru
 46581 | Vaults:1 | Reached skill level 18 in Fighting
 46731 | Vaults:1 | Noticed Norris
 46792 | Vaults:1 | Killed Norris
 47993 | Vaults:2 | Received a gift from Okawaru
 48658 | Vaults:2 | Reached skill level 15 in Armour
 49154 | Vaults:3 | Received a gift from Okawaru
 49168 | Vaults:3 | Reached skill level 19 in Fighting
 49277 | Vaults:3 | You fall into a shaft and drop 1 floor!
 49366 | Vaults:4 | Reached XP level 22. HP: 178/186 MP: 28/31
 49453 | Vaults:4 | Found a magical portal.
 49751 | WizLab   | Entered Cigotuvi's Fleshworks
 49940 | WizLab   | Received a gift from Okawaru
 49973 | WizLab   | Got Cigotuvi's Verses on the Horrible Scorpion
 50005 | WizLab   | Reached skill level 15 in Evocations
 50460 | WizLab   | Identified the ring of Siugis {rElec rPois Str-2 Dex+3
                  | Stlth+}
 50673 | Vaults:4 | Lost mutation: Your body sometimes deteriorates upon taking
                  | damage. [potion of mutation]
 50673 | Vaults:4 | Lost mutation: Your spells are a little harder to cast, but
                  | a little more powerful. [potion of mutation]
 50673 | Vaults:4 | Lost mutation: You have sharp toenails. [potion of
                  | mutation]
 50673 | Vaults:4 | Gained mutation: You expend magic power (3 MP) to
                  | strengthen your wands. [potion of mutation]
 50673 | Vaults:4 | Gained mutation: You are somewhat resistant to further
                  | mutation. [potion of mutation]
 51021 | Vaults:4 | Identified the +6 falchion "Killer Bee's Death" {heavy,
                  | rPois Str+3 Int+2 Stlth+}
 51241 | Vaults:4 | Received a gift from Okawaru
 51552 | Vaults:4 | Reached skill level 20 in Fighting
 51801 | Vaults:4 | Paralysed by a formless jellyfish for 1 turns
 52049 | Vaults:5 | Entered Level 5 of the Vaults
 52076 | Vaults:5 | Received a gift from Okawaru
 52141 | Vaults:5 | Found Ceudazac's Book Shop.
 52149 | Vaults:5 | Got a silver rune of Zot
 52482 | Vaults:5 | Reached XP level 23. HP: 168/199 MP: 21/32
 52492 | Vaults:5 | Identified the +10 war axe of Nivy {drain, rPois rN+ Will-
                  | Dex+4}
 52492 | Vaults:5 | Identified the ring "Damnable Contraption" {+Blink Str+3
                  | Int+3 Dex+6}
 52624 | Vaults:5 | Noticed a dread lich
 52630 | Vaults:5 | Reached skill level 21 in Fighting
 52636 | Vaults:5 | Killed a dread lich
 52636 | Vaults:5 | Received a gift from Okawaru
 52647 | Vaults:5 | Noticed a golden dragon
 52679 | Vaults:5 | Killed a golden dragon
 52865 | Vaults:5 | Identified the +7 hand axe of Ataa {drain, Fly rElec rF++}
 53057 | Vaults:5 | Found Xozxeava's Book Emporium.
 53225 | Vaults:5 | Got Cipil's Elucidation of Aeromancy and Destruction
 53499 | Vaults:5 | Received a gift from Okawaru
 53511 | Vaults:5 | Identified the +2 short sword of Nemelex Xobeh's Favour
                  | {venom, rPois MP+9 Stlth-}
 53513 | Vaults:5 | Identified the +0 chain mail of Free Expression {-Cast
                  | Will+++ rCorr Dex+7}
 53944 | Vaults:5 | Found Ceudazac's Book Shop.
 53976 | Vaults:5 | Found Xozxeava's Book Emporium.
 54247 | Vaults:5 | Noticed a dread lich
 54260 | Vaults:5 | Paralysed by a dread lich for 2 turns
 54263 | Arena    | Entered the Arena
 54265 | Arena    | Killed a dread lich
 55171 | Vaults:3 | Found a portal to a secret trove of treasure.
 55289 | Vaults:3 | Identified the +7 battleaxe "Goblinslayer" {freeze, rPois
                  | rCorr Str-2}
 55696 | Vaults:3 | Found a staircase to the Crypt.
 55979 | Elf:2    | Bought a wand of acid (6) for 504 gold pieces
 55979 | Elf:2    | Bought a wand of digging (2) for 168 gold pieces
 56114 | D:12     | Bought a wand of digging (8) for 504 gold pieces
 56261 | Slime:1  | Entered Level 1 of the Pits of Slime
 56926 | Lair:5   | Reached XP level 24. HP: 115/178 MP: 18/32
 57176 | Slime:2  | Received a gift from Okawaru
 57516 | Slime:3  | You fall into a shaft and drop 1 floor!
 57520 | Slime:5  | Entered Level 5 of the Pits of Slime
 57740 | Slime:3  | Gained mutation: Your mind is acute. (Int +4, Str/Dex -1)
                  | [a shining eye]
 57958 | Slime:5  | Received a gift from Okawaru
 58392 | Slime:5  | Noticed the Royal Jelly
 58396 | Slime:5  | the Royal Jelly changed into a shard shrike shaped Royal
                  | Jelly
 58396 | Slime:5  | Noticed a shard shrike shaped Royal Jelly
 58407 | Slime:5  | Killed a shard shrike shaped Royal Jelly
 58726 | Slime:5  | Identified the +7 war axe of the Healing Butterfly {vamp,
                  | Int+3}
 58741 | Slime:5  | Identified the +4 ring mail of the Armadillo {Dex+2}
 58752 | Slime:5  | Got the Notes on the Brume and the Discharge
 58758 | Slime:5  | Got a slimy rune of Zot
 58760 | Slime:5  | Got the Directory of Hurting and Voltage
 58769 | Slime:5  | Identified the +12 broad axe of Kismet {freeze, Str+4}
 58793 | Slime:5  | Identified the +0 chain mail of Fresh Music {Rampage rC-
                  | Str+2}
 58797 | Slime:5  | Identified the ring of Baseuxt {Fly rC+ Dex+6}
 58811 | Slime:5  | Identified the +8 trident of Slow Death {flame, Int+4}
 59602 | Vaults:3 | You showed the slimy rune of Zot to enter a treasure trove
 59603 | Trove    | Entered a treasure trove
 59619 | Trove    | Found the dreamshard necklace {Acrobat *Dream}
 59641 | Trove    | Identified the +1 hat of Beogh, Scorching {Will+ Dex+5}
 59643 | Trove    | Identified the +0 scale mail of the Skies Above {Will++}
 59898 | Depths:1 | Entered Level 1 of the Depths
 60063 | Depths:1 | Found an iron altar of Okawaru.
 60133 | Depths:1 | Reached skill level 5 in Axes
 60213 | Depths:1 | Received a gift from Okawaru
 60414 | Depths:1 | Found Luaster's Antique Weapon Boutique.
 60414 | Depths:1 | Found Noekoh's Jewellery Shop.
 60418 | Depths:1 | Found Eneogiw's Assorted Antiques.
 60426 | Depths:1 | Bought a potion of heal wounds for 105 gold pieces
 60621 | Depths:1 | Found a gateway to Hell.
 60745 | Depths:2 | Found a one-way gate leading to the halls of Pandemonium.
 61048 | Depths:2 | Found a broken altar of Ashenzari.
 61111 | Depths:2 | Received a gift from Okawaru
 61251 | Depths:2 | Reached XP level 25. HP: 203/214 MP: 30/33
 61265 | Depths:2 | Found Efonyto's Assorted Antiques.
 61338 | Depths:2 | Found a transporter.
 61420 | Depths:2 | Found a transporter.
 62339 | Depths:3 | Reached skill level 10 in Axes
 62473 | Depths:3 | Received a gift from Okawaru
 62984 | Depths:3 | Found the +8 pair of quick blades "Gyre" and "Gimble"
                  | {protect}
 62984 | Depths:3 | Noticed a dread lich
 63014 | Depths:3 | Killed a dread lich
 63217 | Depths:3 | Found a one-way gateway to a ziggurat.
 63305 | Depths:3 | Found a one-way gate to the infinite horrors of the Abyss.
 63411 | Depths:3 | Identified the +4 halberd of the End of Times {heavy,
                  | *Corrode rPois Str+3 Int+3}
 63465 | Depths:3 | Received a gift from Okawaru
 63788 | Depths:3 | Noticed Margery
 63807 | Depths:3 | Killed Margery
 63823 | Depths:3 | Killed the ghostly Margery
 64097 | Depths:4 | Entered Level 4 of the Depths
 64132 | Depths:4 | Reached skill level 1 in Shields
 64184 | Depths:4 | Noticed Vv
 64186 | Arena    | Entered the Arena
 64204 | Arena    | Killed Vv
 64414 | Depths:4 | Received a gift from Okawaru
 64527 | Depths:4 | Reached skill level 5 in Shields
 64752 | Depths:4 | Reached XP level 26. HP: 222/222 MP: 33/33
 64757 | Depths:4 | Reached skill level 15 in Axes
 64813 | Depths:4 | Received a gift from Okawaru
 65309 | Depths:4 | Found a gate to the Realm of Zot.
 65852 | Depths:2 | Identified the ring of Yffom {rPois Int+4}
 65858 | Depths:2 | Identified the ring of Obel {Str+6 Dex+6}
 65873 | Depths:2 | Identified the ring of the Past {Fire rCorr Str+2 Int+3
                  | SInv}
 66032 | Zot:1    | Entered Level 1 of the Realm of Zot
 66072 | Arena    | Entered the Arena
 66281 | Zot:2    | Noticed a Killer Klown
 66294 | Zot:2    | Noticed a Killer Klown
 66306 | Zot:2    | Killed a Killer Klown
 66308 | Zot:2    | Killed a Killer Klown
 66450 | Zot:2    | Reached skill level 10 in Shields
 66544 | Zot:2    | Received a gift from Okawaru
 66675 | Zot:3    | Noticed a Killer Klown
 66750 | Zot:3    | Killed a Killer Klown
 66926 | Zot:5    | Entered Level 5 of the Realm of Zot
 67849 | Zot:5    | Noticed a dread lich
 67860 | Zot:5    | Killed a dread lich
 67879 | Zot:5    | Noticed a Killer Klown
 67885 | Zot:5    | Killed a Killer Klown
 67886 | Zot:5    | Reached XP level 27. HP: 229/229 MP: 3/33
 68068 | Zot:5    | Noticed an orb of fire
 68091 | Zot:5    | Killed an orb of fire
 68106 | Zot:5    | Noticed an orb of fire
 68115 | Zot:5    | Killed an orb of fire
 68121 | Zot:5    | Noticed an orb of fire
 68129 | Zot:5    | Killed an orb of fire
 68129 | Zot:5    | Noticed an orb of fire
 68139 | Zot:5    | Killed an orb of fire
 68140 | Zot:5    | Noticed an orb of fire
 68150 | Zot:5    | Killed an orb of fire
 68150 | Zot:5    | Received a gift from Okawaru
 68154 | Zot:5    | Noticed an orb of fire
 68160 | Zot:5    | Gained mutation: You occasionally shout uncontrollably at
                  | your foes. [an orb of fire]
 68162 | Zot:5    | Killed an orb of fire
 68162 | Zot:5    | Noticed an orb of fire
 68171 | Zot:5    | Killed an orb of fire
 68172 | Zot:5    | Reached skill level 22 in Fighting
 68186 | Zot:5    | Noticed an orb of fire
 68192 | Zot:5    | Killed an orb of fire
 68383 | Zot:5    | Received a gift from Okawaru
 68729 | Zot:5    | Got the Orb of Zot
 68880 | Zot:2    | Noticed Daos the pandemonium lord
 69236 | D:4      | Noticed Baggoagg the pandemonium lord
 69394 | D:$      | Escaped with the Orb!

Illustrated notes

Levels and vault maps discovered:
D:1:      reono_arrival_forest_river, layout_basic, minmay_misc_feat_iff,
          minmay_misc_feat_rugged, eino_curves_01,
          chequers_serial_rivers_small_3, minmay_lizard_king
D:2:      layout_loops_cross, serial_shops, nicolae_lakefront_shop,
          nicolae_shop_back_alley_shop, nicolae_shop_tiny_glass,
          hangedman_feature_mirror
D:3:      minmay_recursive_quarters, layout_loops_ring, ebering_ghost_sewer_d,
          patterned_corridor, uniq_jessica
D:4:      layout_basic, nemelex_diamond_rough_becter,
          mainiacjoe_overflow_chevrons, grunt_temple_overflow_open,
          overflow_temple_1_default, kennysheep_generic_room_12
D:5:      minmay_evil_eye, layout_loops_cross,
          mainiacjoe_overflow_cross_hatched, uniq_eustachio, uniq_blork_the_orc,
          uniq_duvessa, uniq_sigmund
D:6:      minmay_chambers_of_sixes, layout_rooms, chei_slow_surprise,
          minmay_temple_entry_arrows
D:7:      layout_gridville, nicolae_ossuary_entry_giza, uniq_joseph
D:8:      nzn_winding_woodlands_large [nzn_winding_woodlands_5x5_closed_star,
          nzn_winding_woodlands_5x15_lazy_stream,
          nzn_winding_woodlands_5x5_default,
          nzn_winding_woodlands_center_triple_pond,
          nzn_winding_woodlands_15x15_thick_spiral,
          nzn_winding_woodlands_center_pierced_h,
          nzn_winding_woodlands_5x5_three, nzn_winding_woodlands_5x15_parted,
          nzn_winding_woodlands_hourglass], layout_basic, lemuel_round_altar,
          minmay_fountain_box
D:9:      layout_basic, nicolae_overflow_crystal_walls,
          mainiacjoe_overflow_concentric_impassable,
          grunt_dithmenos_smoke_and_mirrors, david_orc_5,
          biasface_ghost_orc_armoury, serial_co_window_serial,
          co_window_corner_a, co_window_of_opportunity_a, co_window_paths_a,
          co_window_paths_a, co_window_of_opportunity_a, co_window_corner_a,
          co_window_corner_a, co_window_broadway_b, co_window_broadway_c,
          co_window_paths_c, glass_columns_a, glass_columns_c, glass_columns_c,
          glass_columns_a, uniq_erica
D:10:     layout_cave_pods, david_lair_shrubbed, enter_bailey_1,
          minmay_ruined_shrine
D:11:     layout_stronghold, minivault_20
D:12:     cheibrodos_body_horror, layout_gridville,
          ebering_dispersal_statue_hall, guppyfry_shop_earth, uniq_fannar
D:13:     minmay_smoke_and_mirrors, layout_small_grid, serial_co_window_serial,
          co_window_paths_b, co_window_paths_a, co_window_corner_a,
          co_window_paths_a, co_window_corner_a, co_window_2corner,
          co_window_broadway_c, co_window_2corner, co_window_corner_ca,
          co_window_cross_3, co_window_4corner_a
D:14:     layout_basic, hellmonk_vaults_keyhole, serial_ice, serial_ice_o,
          serial_ice_c, serial_ice_g, serial_ice_f, serial_ice_b, serial_ice_h,
          serial_ice_a, portal_ice_cave_entry_ice_statue_two
D:15:     grunt_enter_depths_snipers, layout_cross, serial_shops,
          nicolae_diamond_shop, tso_metal_star, uniq_rupert
Lair:1:   layout_hall_layers, small_statue_intersection, beast_lair_carwin_2
Lair:2:   layout_gridlike, nicolae_lair_grazing_beasts
          [nicolae_sub_lair_graze_edge, nicolae_sub_lair_graze_edge,
          nicolae_sub_lair_graze_edge, nicolae_sub_lair_graze_edge]
Lair:3:   layout_roguey, elwin_shoals_entry_rooms,
          hellmonk_spider_entry_not_the_bees, minmay_lindwurm_lava,
          grunt_megastairs_3, lemuel_fruit_tree, uniq_josephine
Lair:4:   layout_gridlike, gauntlet_entry_generic, uniq_kirke
Lair:5:   hangedman_lair_in_review, layout_regular_city,
          guppyfry_lair_end_dragon, slime_entry_1, basic_altar,
          nicolae_lair_grove_arrangements
Shoals:1: cheibrodos_shoals_baths, layout_shoals, nicolae_shoals_c_island
Shoals:2: layout_shoals, nzn_prometheus_bound
Shoals:3: layout_shoals
Shoals:4: shoals_end_simple, layout_shoals, nicolae_splish_splash
Spider:1: cheibrodos_spider_silkery
Spider:2: layout_spider_delve
Spider:3: layout_spider_delve, uniq_arachne, uniq_mlioglotl, uniq_aizul
Spider:4: spider_rune_water
Slime:1:  layout_caves, cheibrodos_slime_lost_civilization_7
Slime:2:  layout_caves, nicolae_slime_getting_an_eyeful
Slime:3:  layout_caves, nicolae_slime_crime_time
Slime:4:  layout_caves, cheibrodos_slime_lost_civilization_5
Slime:5:  slime_pit_nicolae_royal_road_to_ruin
Orc:1:    layout_caves, basic_altar, serial_shops, nicolae_shop_hallway_plus,
          hellmonk_talismancer
Orc:2:    grunt_orc_tribal_feast, layout_diamond_mine, basic_altar,
          serial_shops, shop
Elf:1:    eino_elf_arrival_shootout, layout_onion_city, serial_shops,
          nicolae_shop_behind_doors, hangedman_elf_represent,
          nicolae_elf_free_trip_to_the_abyss
Elf:2:    nicolae_elf_blades_splatter_lattice
          [nicolae_blade_entry_hurt_lockers], layout_geoelf_grid, serial_shops,
          shop, shop, shop, nicolae_shop_back_alley_shop,
          nicolae_shop_pleasant_corner_grove, nicolae_shop_gadgets
Elf:3:    minmay_elf_hall_not_hex, layout_gridlike, uniq_asterion
Vaults:1: nicolae_vaults_security_offices_1, vaults_room_fancy_cross,
          nicolae_vaults_what_the_h, vaults_mumra_lcd,
          nicolae_vaults_weapon_check, nicolae_vaults_tetromino_T_2,
          v_alt_pattern_1, v_misc_12, nicolae_vaults_sightless_eye,
          nicolae_vaults_two_Ls, nicolae_vaults_offset_grid_hallway_1,
          nicolae_vaults_variable_pillar_hall, nicolae_vaults_ninety_degrees,
          layout_vaults_maze_snakey, uniq_norris
Vaults:2: nicolae_vaults_offset_grid_hallway_4,
          vaults_mumra_minichess_inversion, nicolae_vaults_diagonal_hallway_7,
          nicolae_vaults_shrinking_rooms_1, nicolae_vaults_big_angled_halls,
          st_quartered_hall, nicolae_vaults_triangles, vaults_room_door_ring,
          ontoclasm_vaults_ring_small, hangedman_vaults_nails,
          hangedman_vaults_impose, hangedman_vaults_locks,
          nicolae_vaults_trapezoid_1, ontoclasm_vaults_eye,
          nicolae_vaults_tetromino_L_2, nicolae_vaults_tetromino_Z_1,
          vaults_room_pools, nicolae_vaults_trapezoid_1,
          nicolae_vaults_apartment_1, layout_vaults_ring
Vaults:3: gargoyle_guard, v_misc_18, grunt_vaults_trifunnel, v_misc_25,
          v_alt_pattern_3, nicolae_vaults_trapezoid_2,
          ontoclasm_vaults_ring_large, nicolae_vaults_trapezoid_2,
          v_alt_pattern_1, nicolae_vaults_trapezoid_lopsided_1,
          nicolae_vaults_storage_room_statues, layout_vaults_omnicross,
          dummy_crypt_entry, nicolae_trove_entry_free_sample
Vaults:4: mu_enter_wizlab_5, nicolae_vaults_network_s,
          nicolae_vaults_storage_room_doors, ontoclasm_vaults_ligature,
          nicolae_vaults_network_quinsquares
          [nicolae_vaults_network_quincunx_subvault,
          nicolae_vaults_network_quincunx_subvault,
          nicolae_vaults_network_quincunx_subvault,
          nicolae_vaults_network_quincunx_subvault], nicolae_vaults_little_ls,
          v_misc_28, nicolae_vaults_house_2, nicolae_vaults_little_squares_1,
          layout_vaults_omnigrid
Vaults:5: serial_shops
Depths:1: layout_cave_shapes, grunt_mini_vestibule, minmay_misc_feat_ornament,
          minmay_misc_feat_square, okawaru_altar_gauntlet_db, minmay_shop_star
Depths:2: gammafunk_dig_for_victory, layout_cave_shapes, pan_entry,
          serial_shops, shop, hell_entry, ashenzari_altar_1
Depths:3: bobbens_index_wilting_gardens, layout_twisted_cross, enter_ziggurat_d,
          pf_hell_entry_great_geh, abyss_entry, kennysheep_cluttered_room,
          st_stairs_2, drop_trap, infiniplex_staircase_trident, uniq_margery
Depths:4: lemuel_castle_with_subvaults [lemuel_castle_interior_carwin_1],
          layout_gridville, corexii_hall_statues_u, hangedman_coc_ice_floe,
          uniq_vv
Zot:1:    grunt_twist_and_shout, layout_onion, grunt_ministairs_5,
          hangedman_elemental_grid_stream
Zot:2:    layout_basic, regret_index_zotdec_fiery_em, grunt_ministairs_12,
          lemuel_elevator
Zot:3:    layout_concentric_octagons, regret_index_zotdec_banners
Zot:4:    layout_gridlike, regret_index_zotdec_plus
Zot:5:    layout_twisted_circle

Skill      XL: |  1  2  3  4  5  6  7  8  9 10 11 12 13 14 15 16 17 18 19 20 21 22 23 24 25 26 27 |
---------------+----------------------------------------------------------------------------------+-----
Fighting       | 4 5 10 11 12 14 16 17 19 20 21 22 | 22.8
Invocations    | 6 7 11 12 13 14 | 14.0
Armour         | 5 6 7 8 10 11 12 13 15 | 15.6
Evocations     | 4 6 10 11 12 14 16 | 16.3
Polearms       | 4 10 | 10.3
Staves         | 8 12 13 | 13.0
Throwing       | 7 11 16 20 21 | 21.0
Dodging        | 12 13 14 | 14.0
Axes           | 8 14 16 | 16.9
Shields        | 6 12 14 | 14.8
Stealth        | |  5.0

Action                     |  1- 3 |  4- 6 |  7- 9 | 10-12 | 13-15 | 16-18 | 19-21 | 22-24 | 25-27 || total
---------------------------+-------+-------+-------+-------+-------+-------+-------+-------+-------++-------
  Melee: Hand axe          |   146 |    63 |       |       |       |       |       |       |       ||   209
         Punch             |     1 |     1 |     2 |    11 |       |       |       |       |       ||    15
         Short sword       |       |    73 |   287 |   161 |       |       |       |       |       ||   521
         Dire flail        |       |       |   196 |    31 |       |       |       |       |       ||   227
         Trident           |       |       |       |   498 |   215 |       |       |       |       ||   713
         Unarmed           |       |       |       |    11 |     2 |       |       |       |       ||    13
         Lajatang          |       |       |       |       |  1072 |  1959 |  1545 |  1941 |   523 ||  7040
         Broad axe         |       |       |       |       |       |       |       |       |   795 ||   795
  Throw: Dart              |       |    12 |    18 |    11 |    79 |    15 |       |       |       ||   135
         Javelin           |       |       |       |       |     1 |     8 |    72 |    62 |    34 ||   177
         Boomerang         |       |       |       |       |       |    90 |   147 |   173 |   344 ||   754
         Throwing net      |       |       |       |       |       |       |       |     2 |     6 ||     8
 Invoke: Heroism           |       |       |     6 |    15 |    21 |    18 |    18 |    17 |    21 ||   116
         Finesse           |       |       |       |     3 |     5 |     6 |     4 |     5 |     9 ||    32
         Receive Armour    |       |       |       |       |     1 |       |       |       |       ||     1
         Receive Weapon    |       |       |       |       |     1 |       |       |       |       ||     1
         Duel              |       |       |       |       |     1 |     4 |     1 |     1 |     2 ||     9
Ability: Evoke Blink       |       |       |       |       |       |       |       |       |     1 ||     1
  Evoke: Wand              |       |       |       |    32 |    15 |    10 |     6 |    12 |    12 ||    87
         Lightning rod     |       |       |       |       |     6 |    14 |    10 |     9 |       ||    39
         Phial of floods   |       |       |       |       |       |       |     2 |     1 |       ||     3
         Condenser vane    |       |       |       |       |       |       |     3 |     1 |       ||     4
    Use: Scroll            |     4 |     2 |    11 |    13 |     9 |    12 |     5 |    11 |    15 ||    82
         Potion            |     1 |     1 |     3 |     5 |    11 |     9 |     6 |    18 |    12 ||    66
   Stab: Sleeping          |     8 |     3 |       |       |       |       |       |       |       ||    11
         Distracted        |     1 |     1 |       |       |       |       |     2 |       |     2 ||     6
         Confused          |       |       |       |     1 |     1 |       |       |       |       ||     2
         Invisible         |       |       |       |       |       |    12 |       |       |       ||    12
         Held in net/web   |       |       |       |       |       |       |       |     2 |     4 ||     6
 Armour: Leather armour    |    74 |    16 |       |       |       |       |       |       |       ||    90
         Chain mail        |       |    87 |   342 |   115 |       |       |       |       |       ||   544
         Plate armour      |       |       |    44 |   462 |   773 |  1275 |   846 |   978 |   552 ||  4930
         Skin              |       |       |       |     2 |       |       |     1 |       |       ||     3
  Dodge: Dodged            |    99 |    58 |   176 |   180 |   238 |   553 |   734 |  1021 |   662 ||  3721
  Block: Buckler           |       |       |       |    69 |    42 |       |       |       |   515 ||   626
         Other             |       |       |       |       |   119 |   440 |   287 |   400 |   111 ||  1357
         Reflection        |       |       |       |       |       |       |       |       |    66 ||    66

Table legend: (Time is in decaauts)
 A = Elapsed time spent in this place.
 B = Non-inter-level travel time spent in this place.
 C = Inter-level travel time spent in this place.
 D = Time resting spent in this place.
 E = Time spent auto-exploring this place.
 F = Levels seen in this place.
 G = Mean time per level.
                   A        B        C        D        E       F      G
               +--------+--------+--------+--------+--------+-----+--------+
         Total |  65477 |  57529 |   7948 |   9604 |  29905 |  70 |  935.4 |
       Dungeon |  22023 |  17598 |   4425 |   2790 |   9723 |  15 | 1468.2 |
          Lair |   8206 |   7506 |    700 |   2049 |   3448 |   5 | 1641.2 |
        Shoals |   4154 |   3924 |    230 |    433 |   2214 |   4 | 1038.5 |
   Spider Nest |   4191 |   3860 |    331 |    847 |   1827 |   4 | 1047.8 |
    Slime Pits |   2005 |   1898 |    107 |    509 |    448 |   5 |  401.0 |
  Orcish Mines |   1693 |   1199 |    494 |     63 |    741 |   2 |  846.5 |
   Elven Halls |   3140 |   2605 |    535 |    118 |   1647 |   3 | 1046.7 |
        Vaults |   8208 |   7706 |    502 |    563 |   5136 |   5 | 1641.6 |
        Depths |   5387 |   4836 |    551 |    443 |   2985 |   4 | 1346.8 |
           Zot |   2615 |   2546 |     69 |   1167 |    325 |   5 |  523.0 |
         Abyss |    760 |    760 |      0 |     94 |    297 |   4 |  190.0 |
         Trove |    100 |    100 |      0 |      0 |     54 |   1 |  100.0 |
       Ossuary |    781 |    781 |      0 |    216 |    261 |   1 |  781.0 |
        Bailey |    860 |    860 |      0 |    114 |    296 |   1 |  860.0 |
        Wizlab |    781 |    781 |      0 |     39 |    364 |   1 |  781.0 |
      Gauntlet |    386 |    386 |      0 |     74 |    136 |   1 |  386.0 |
         Arena |    178 |    178 |      0 |     80 |      0 |   9 |   19.8 |
               +--------+--------+--------+--------+--------+-----+--------+

Top non-repeatable levels by time:
     D:9: 2728 daAuts
Vaults:5: 2199 daAuts
     D:3: 1927 daAuts
  Lair:5: 1846 daAuts
Depths:3: 1834 daAuts
  Lair:1: 1826 daAuts
    D:10: 1813 daAuts
  Lair:3: 1785 daAuts
   Zot:5: 1758 daAuts
Vaults:4: 1723 daAuts
  Lair:2: 1705 daAuts
     D:4: 1652 daAuts
     D:8: 1624 daAuts
    D:14: 1609 daAuts
Vaults:2: 1605 daAuts

Levels and vault maps discovered:
D:1:      reono_arrival_forest_river, layout_basic, minmay_misc_feat_iff,
          minmay_misc_feat_rugged, eino_curves_01,
          chequers_serial_rivers_small_3, minmay_lizard_king
D:2:      layout_loops_cross, serial_shops, nicolae_lakefront_shop,
          nicolae_shop_back_alley_shop, nicolae_shop_tiny_glass,
          hangedman_feature_mirror
D:3:      minmay_recursive_quarters, layout_loops_ring, ebering_ghost_sewer_d,
          patterned_corridor, uniq_jessica
D:4:      layout_basic, nemelex_diamond_rough_becter,
          mainiacjoe_overflow_chevrons, grunt_temple_overflow_open,
          overflow_temple_1_default, kennysheep_generic_room_12
D:5:      minmay_evil_eye, layout_loops_cross,
          mainiacjoe_overflow_cross_hatched, uniq_eustachio, uniq_blork_the_orc,
          uniq_duvessa, uniq_sigmund
D:6:      minmay_chambers_of_sixes, layout_rooms, chei_slow_surprise,
          minmay_temple_entry_arrows
D:7:      layout_gridville, nicolae_ossuary_entry_giza, uniq_joseph
D:8:      nzn_winding_woodlands_large [nzn_winding_woodlands_5x5_closed_star,
          nzn_winding_woodlands_5x15_lazy_stream,
          nzn_winding_woodlands_5x5_default,
          nzn_winding_woodlands_center_triple_pond,
          nzn_winding_woodlands_15x15_thick_spiral,
          nzn_winding_woodlands_center_pierced_h,
          nzn_winding_woodlands_5x5_three, nzn_winding_woodlands_5x15_parted,
          nzn_winding_woodlands_hourglass], layout_basic, lemuel_round_altar,
          minmay_fountain_box
D:9:      layout_basic, nicolae_overflow_crystal_walls,
          mainiacjoe_overflow_concentric_impassable,
          grunt_dithmenos_smoke_and_mirrors, david_orc_5,
          biasface_ghost_orc_armoury, serial_co_window_serial,
          co_window_corner_a, co_window_of_opportunity_a, co_window_paths_a,
          co_window_paths_a, co_window_of_opportunity_a, co_window_corner_a,
          co_window_corner_a, co_window_broadway_b, co_window_broadway_c,
          co_window_paths_c, glass_columns_a, glass_columns_c, glass_columns_c,
          glass_columns_a, uniq_erica
D:10:     layout_cave_pods, david_lair_shrubbed, enter_bailey_1,
          minmay_ruined_shrine
D:11:     layout_stronghold, minivault_20
D:12:     cheibrodos_body_horror, layout_gridville,
          ebering_dispersal_statue_hall, guppyfry_shop_earth, uniq_fannar
D:13:     minmay_smoke_and_mirrors, layout_small_grid, serial_co_window_serial,
          co_window_paths_b, co_window_paths_a, co_window_corner_a,
          co_window_paths_a, co_window_corner_a, co_window_2corner,
          co_window_broadway_c, co_window_2corner, co_window_corner_ca,
          co_window_cross_3, co_window_4corner_a
D:14:     layout_basic, hellmonk_vaults_keyhole, serial_ice, serial_ice_o,
          serial_ice_c, serial_ice_g, serial_ice_f, serial_ice_b, serial_ice_h,
          serial_ice_a, portal_ice_cave_entry_ice_statue_two
D:15:     grunt_enter_depths_snipers, layout_cross, serial_shops,
          nicolae_diamond_shop, tso_metal_star, uniq_rupert
Lair:1:   layout_hall_layers, small_statue_intersection, beast_lair_carwin_2
Lair:2:   layout_gridlike, nicolae_lair_grazing_beasts
          [nicolae_sub_lair_graze_edge, nicolae_sub_lair_graze_edge,
          nicolae_sub_lair_graze_edge, nicolae_sub_lair_graze_edge]
Lair:3:   layout_roguey, elwin_shoals_entry_rooms,
          hellmonk_spider_entry_not_the_bees, minmay_lindwurm_lava,
          grunt_megastairs_3, lemuel_fruit_tree, uniq_josephine
Lair:4:   layout_gridlike, gauntlet_entry_generic, uniq_kirke
Lair:5:   hangedman_lair_in_review, layout_regular_city,
          guppyfry_lair_end_dragon, slime_entry_1, basic_altar,
          nicolae_lair_grove_arrangements
Shoals:1: cheibrodos_shoals_baths, layout_shoals, nicolae_shoals_c_island
Shoals:2: layout_shoals, nzn_prometheus_bound
Shoals:3: layout_shoals
Shoals:4: shoals_end_simple, layout_shoals, nicolae_splish_splash
Spider:1: cheibrodos_spider_silkery
Spider:2: layout_spider_delve
Spider:3: layout_spider_delve, uniq_arachne, uniq_mlioglotl, uniq_aizul
Spider:4: spider_rune_water
Slime:1:  layout_caves, cheibrodos_slime_lost_civilization_7
Slime:2:  layout_caves, nicolae_slime_getting_an_eyeful
Slime:3:  layout_caves, nicolae_slime_crime_time
Slime:4:  layout_caves, cheibrodos_slime_lost_civilization_5
Slime:5:  slime_pit_nicolae_royal_road_to_ruin
Orc:1:    layout_caves, basic_altar, serial_shops, nicolae_shop_hallway_plus,
          hellmonk_talismancer
Orc:2:    grunt_orc_tribal_feast, layout_diamond_mine, basic_altar,
          serial_shops, shop
Elf:1:    eino_elf_arrival_shootout, layout_onion_city, serial_shops,
          nicolae_shop_behind_doors, hangedman_elf_represent,
          nicolae_elf_free_trip_to_the_abyss
Elf:2:    nicolae_elf_blades_splatter_lattice
          [nicolae_blade_entry_hurt_lockers], layout_geoelf_grid, serial_shops,
          shop, shop, shop, nicolae_shop_back_alley_shop,
          nicolae_shop_pleasant_corner_grove, nicolae_shop_gadgets
Elf:3:    minmay_elf_hall_not_hex, layout_gridlike, uniq_asterion
Vaults:1: nicolae_vaults_security_offices_1, vaults_room_fancy_cross,
          nicolae_vaults_what_the_h, vaults_mumra_lcd,
          nicolae_vaults_weapon_check, nicolae_vaults_tetromino_T_2,
          v_alt_pattern_1, v_misc_12, nicolae_vaults_sightless_eye,
          nicolae_vaults_two_Ls, nicolae_vaults_offset_grid_hallway_1,
          nicolae_vaults_variable_pillar_hall, nicolae_vaults_ninety_degrees,
          layout_vaults_maze_snakey, uniq_norris
Vaults:2: nicolae_vaults_offset_grid_hallway_4,
          vaults_mumra_minichess_inversion, nicolae_vaults_diagonal_hallway_7,
          nicolae_vaults_shrinking_rooms_1, nicolae_vaults_big_angled_halls,
          st_quartered_hall, nicolae_vaults_triangles, vaults_room_door_ring,
          ontoclasm_vaults_ring_small, hangedman_vaults_nails,
          hangedman_vaults_impose, hangedman_vaults_locks,
          nicolae_vaults_trapezoid_1, ontoclasm_vaults_eye,
          nicolae_vaults_tetromino_L_2, nicolae_vaults_tetromino_Z_1,
          vaults_room_pools, nicolae_vaults_trapezoid_1,
          nicolae_vaults_apartment_1, layout_vaults_ring
Vaults:3: gargoyle_guard, v_misc_18, grunt_vaults_trifunnel, v_misc_25,
          v_alt_pattern_3, nicolae_vaults_trapezoid_2,
          ontoclasm_vaults_ring_large, nicolae_vaults_trapezoid_2,
          v_alt_pattern_1, nicolae_vaults_trapezoid_lopsided_1,
          nicolae_vaults_storage_room_statues, layout_vaults_omnicross,
          dummy_crypt_entry, nicolae_trove_entry_free_sample
Vaults:4: mu_enter_wizlab_5, nicolae_vaults_network_s,
          nicolae_vaults_storage_room_doors, ontoclasm_vaults_ligature,
          nicolae_vaults_network_quinsquares
          [nicolae_vaults_network_quincunx_subvault,
          nicolae_vaults_network_quincunx_subvault,
          nicolae_vaults_network_quincunx_subvault,
          nicolae_vaults_network_quincunx_subvault], nicolae_vaults_little_ls,
          v_misc_28, nicolae_vaults_house_2, nicolae_vaults_little_squares_1,
          layout_vaults_omnigrid
Vaults:5: serial_shops
Depths:1: layout_cave_shapes, grunt_mini_vestibule, minmay_misc_feat_ornament,
          minmay_misc_feat_square, okawaru_altar_gauntlet_db, minmay_shop_star
Depths:2: gammafunk_dig_for_victory, layout_cave_shapes, pan_entry,
          serial_shops, shop, hell_entry, ashenzari_altar_1
Depths:3: bobbens_index_wilting_gardens, layout_twisted_cross, enter_ziggurat_d,
          pf_hell_entry_great_geh, abyss_entry, kennysheep_cluttered_room,
          st_stairs_2, drop_trap, infiniplex_staircase_trident, uniq_margery
Depths:4: lemuel_castle_with_subvaults [lemuel_castle_interior_carwin_1],
          layout_gridville, corexii_hall_statues_u, hangedman_coc_ice_floe,
          uniq_vv
Zot:1:    grunt_twist_and_shout, layout_onion, grunt_ministairs_5,
          hangedman_elemental_grid_stream
Zot:2:    layout_basic, regret_index_zotdec_fiery_em, grunt_ministairs_12,
          lemuel_elevator
Zot:3:    layout_concentric_octagons, regret_index_zotdec_banners
Zot:4:    layout_gridlike, regret_index_zotdec_plus
Zot:5:    layout_twisted_circle

Table legend: (Time is in decaauts)
 A = Elapsed time spent in this place.
 B = Non-inter-level travel time spent in this place.
 C = Inter-level travel time spent in this place.
 D = Time resting spent in this place.
 E = Time spent auto-exploring this place.
 F = Levels seen in this place.
 G = Mean time per level.
                   A        B        C        D        E       F      G
               +--------+--------+--------+--------+--------+-----+--------+
         Total |  65477 |  57529 |   7948 |   9604 |  29905 |  70 |  935.4 |
       Dungeon |  22023 |  17598 |   4425 |   2790 |   9723 |  15 | 1468.2 |
          Lair |   8206 |   7506 |    700 |   2049 |   3448 |   5 | 1641.2 |
        Shoals |   4154 |   3924 |    230 |    433 |   2214 |   4 | 1038.5 |
   Spider Nest |   4191 |   3860 |    331 |    847 |   1827 |   4 | 1047.8 |
    Slime Pits |   2005 |   1898 |    107 |    509 |    448 |   5 |  401.0 |
  Orcish Mines |   1693 |   1199 |    494 |     63 |    741 |   2 |  846.5 |
   Elven Halls |   3140 |   2605 |    535 |    118 |   1647 |   3 | 1046.7 |
        Vaults |   8208 |   7706 |    502 |    563 |   5136 |   5 | 1641.6 |
        Depths |   5387 |   4836 |    551 |    443 |   2985 |   4 | 1346.8 |
           Zot |   2615 |   2546 |     69 |   1167 |    325 |   5 |  523.0 |
         Abyss |    760 |    760 |      0 |     94 |    297 |   4 |  190.0 |
         Trove |    100 |    100 |      0 |      0 |     54 |   1 |  100.0 |
       Ossuary |    781 |    781 |      0 |    216 |    261 |   1 |  781.0 |
        Bailey |    860 |    860 |      0 |    114 |    296 |   1 |  860.0 |
        Wizlab |    781 |    781 |      0 |     39 |    364 |   1 |  781.0 |
      Gauntlet |    386 |    386 |      0 |     74 |    136 |   1 |  386.0 |
         Arena |    178 |    178 |      0 |     80 |      0 |   9 |   19.8 |
               +--------+--------+--------+--------+--------+-----+--------+

Top non-repeatable levels by time:
     D:9: 2728 daAuts
Vaults:5: 2199 daAuts
     D:3: 1927 daAuts
  Lair:5: 1846 daAuts
Depths:3: 1834 daAuts
  Lair:1: 1826 daAuts
    D:10: 1813 daAuts
  Lair:3: 1785 daAuts
   Zot:5: 1758 daAuts
Vaults:4: 1723 daAuts
  Lair:2: 1705 daAuts
     D:4: 1652 daAuts
     D:8: 1624 daAuts
    D:14: 1609 daAuts
Vaults:2: 1605 daAuts

Table legend:
 A = Kills in this place as a percentage of kills in the entire game.
 B = Kills by you in this place as a percentage of kills by you in the entire game.
 C = Kills by friends in this place as a percentage of kills by friends in the entire game.
 D = Other kills in this place as a percentage of other kills in the entire game.
 E = Experience gained in this place as a percentage of experience gained in the entire game.
 F = Experience gained in this place divided by the number of levels of this place that you have seen.
                   A       B       C       D       E      F
               +-------+-------+-------+-------+-------+----------------------
         Total | 100.0 | 100.0 |   N/A | 100.0 | 100.0 | 19619.6
       Dungeon |  18.6 |  18.6 |   N/A |  11.1 |   5.8 | 5350.6
          Lair |   8.9 |   8.9 |   N/A |  11.1 |   5.9 | 16216.6
        Shoals |   7.0 |   7.0 |   N/A |   0.0 |   6.3 | 21466.0
   Spider Nest |   6.9 |   6.9 |   N/A |   0.0 |   4.9 | 16658.0
    Slime Pits |   5.2 |   5.3 |   N/A |   0.0 |   5.7 | 15626.0
  Orcish Mines |   4.7 |   4.7 |   N/A |   0.0 |   1.2 | 8347.5
   Elven Halls |   5.9 |   5.7 |   N/A |  44.4 |   7.6 | 34911.0
        Vaults |  17.6 |  17.6 |   N/A |  22.2 |  23.8 | 65482.2
        Depths |  11.1 |  11.1 |   N/A |  11.1 |  18.1 | 62231.2
           Zot |   5.1 |   5.1 |   N/A |   0.0 |  14.7 | 40403.8
         Abyss |   2.3 |   2.4 |   N/A |   0.0 |   1.9 | 6491.0
       Ossuary |   1.6 |   1.6 |   N/A |   0.0 |   0.0 | 528.0
        Bailey |   1.6 |   1.6 |   N/A |   0.0 |   0.2 | 2969.0
        Wizlab |   2.4 |   2.4 |   N/A |   0.0 |   2.3 | 31827.0
      Gauntlet |   0.6 |   0.6 |   N/A |   0.0 |   0.3 | 4284.0
         Arena |   0.4 |   0.4 |   N/A |   0.0 |   1.2 | 1783.3
               +-------+-------+-------+-------+-------+----------------------
